 Dungeon Crawl Stone Soup version 0.31.0-32-g396128a36d (webtiles) character file.

Game seed: 7891558963104212913

328 spaghetti the Caller (level 6, -11/53 HPs)
             Began as an Oni Summoner on Mar 11, 2024.
             Mangled by an ice beast (13 damage)
             ... on level 4 of the Dungeon.
             The game lasted 00:04:06 (3671 turns).

spaghetti the Caller (Oni Summoner)                 Turns: 3671, Time: 00:04:06

Health: -11/53     AC:  3    Str: 13    XL:     6   Next: 50%
Magic:  1/9        EV:  9    Int: 18    God:
Gold:   127        SH:  0    Dex:  9    Spells: 3/9 levels left

rFire   + . .        q - +0 dagger (venom)
rCold   x . .        (no shield)
rNeg    . . .        a - +0 robe
rPois   .            (helmet restricted)
rElec   .            (no cloak)
rCorr   .            (gloves unavailable)
SInv    .            (boots unavailable)
Will    .....        (no amulet)
Stlth   +            i - ring of fire
HPRegen 0.28/turn    (no ring)
MPRegen 0.11/turn

%: no passive effects
@: invisible, inugami summoned
A: large, unfitting armour, horns 1, tough skin 1, double potion healing,
drunken brawling
a: no special abilities


You were on level 4 of the Dungeon.
You visited 1 branch of the dungeon, and saw 4 of its levels.

You collected 127 gold pieces.

Inventory:

Hand Weapons
 j - a +0 spear
 q - a +0 dagger of venom (weapon)
Missiles
 c - 5 large rocks
 g - a throwing net
Armour
 a - a +0 robe (worn)
Jewellery
 i - a ring of fire (left hand)
 m - a ring of fire
Wands
 h - a wand of charming (6)
Scrolls
 d - 2 scrolls of summoning
 f - 2 scrolls of fear
 k - 3 scrolls of teleportation
 l - a scroll of noise
 r - a scroll of immolation
 s - 2 scrolls of identify
Potions
 b - 2 potions of magic
 p - a potion of haste {unknown}


   Skills:
 - Level 1.7 Dodging
 - Level 1.4 Stealth
 - Level 2.4 Spellcasting
 + Level 6.9 Summonings


You had 3 spell levels left.
You knew the following spells:

 Your Spells              Type           Power      Damage    Failure   Level
a - Summon Small Mammal   Summ           100%       N/A       1%          1
b - Call Imp              Summ           54%        N/A       1%          2
c - Call Canine Familiar  Summ           27%        N/A       3%          3

Your spell library contained the following spells:

 Spells                   Type           Power      Damage    Failure   Level
 Apportation              Tloc           4%         N/A       17%         1
 Necrotise                Necr           8%         1d4       17%         1
 Sting                    Conj/Alch      8%         1d3       17%         1
 Inner Flame              Hex/Fire       3%         N/A       45%         3
 Summon Blazeheart Golem  Fire/Summ      22%        N/A       38%         4
 Summon Lightning Spire   Summ/Air       14%        N/A       38%         4
 Irradiate                Conj/Alch      1%         3d12      99%         5
 Ignition                 Fire           1%         3d3       100%        8


Dungeon Overview and Level Annotations

Branches:
Dungeon (4/15)
 Temple: D:4-7

Altars:
Trog


Innate Abilities, Weirdness & Mutations

You are too large for most types of armour.
You have a pair of small horns on your head.
You have tough skin. (AC +1)
You gain doubled healing and magic from potions.
Whenever you drink a healing potion, you attack all around you.


Message History

The ice beast attacks as it pursues you!
The ice beast hits you but does no damage.
It was a potion of cancellation.
You feel magically purged.
You take a swig of the potion and twirl your +0 dagger of venom.
You hit the ice beast but do no damage.
The ice beast is lightly wounded.
It was a potion of curing.
You savour every drop.
You feel better. The ice beast completely misses you.
You barely miss the ice beast. Your headbutt misses the ice beast.
The ice beast is lightly wounded.
The ice beast barely misses you.
You hit the ice beast but do no damage.
The ice beast is lightly wounded.
The ice beast hits you. The ice beast freezes you!!
You feel a terrible chill!
Your inugami barely misses the ice beast.
You barely miss the ice beast. Your headbutt misses the ice beast.
Your punch misses the ice beast.
The ice beast is lightly wounded.
The ice beast hits you. The ice beast freezes you!
You feel a terrible chill!
Your inugami barely misses the ice beast.
You hit the ice beast but do no damage. Your headbutt misses the ice beast.
The ice beast is lightly wounded.
Your quokka closely misses the ice beast.
The ice beast barely misses you.
Your cerulean imp barely misses the ice beast.
Your quokka closely misses the ice beast.
Your inugami hits the ice beast.
Casting: Summon Small Mammal (safe; 1% risk of failure)
Confirm with . or Enter, or press ? or * to list all spells.
You imbue your familiar with magical energy and its fangs glint viciously.
The ice beast hits you. The ice beast freezes you!
You feel a terrible chill!
* * * LOW HITPOINT WARNING * * *
Your cerulean imp hits the ice beast from afar with a -2 spear.
Your quokka bites the ice beast.
Your inugami barely misses the ice beast. x2
You fade into invisibility!
The ice beast hits you.
* * * LOW HITPOINT WARNING * * *
The ice beast freezes you!
You feel a terrible chill!
You die...

#....).5.# #.# #.# #.
#.####.### #.# #.###.
#.# #.# #..##. #.# #.#
##.##† ##'## #.# #.##.
##.5.## #.####.##.
##..hr.## #.........
##...Y...## ###.##.###
#..).@....####...#.###
+.....)...+...........
#.........####...#.###
##.......## ##.##.#
##.....## ## #.#
##..?## #.# ##+## #.#
#.# #.#


You could see an ice beast (unable to see you, ally target), a friendly cerulean
imp (summoned), a friendly quokka (summoned) and a friendly inugami (summoned).

Vanquished Creatures
  A scorpion (D:4)
  A howler monkey (D:3)
  A hound (D:3)
  2 adders
  2 dart slugs
  5 orcs (D:3)
  2 endoplasms
  3 giant cockroaches
  5 goblins
  5 hobgoblins
  A quokka (D:1)
  3 ball pythons
  2 bats
  2 frilled lizards
  4 kobolds
  A rat (D:2)
40 creatures vanquished.

Vanquished Creatures (collateral kills)
  An ogre (D:4)
  Robin (D:2)
  An adder (D:2)
  2 endoplasms
  4 giant cockroaches
  8 goblins (D:2)
  A hobgoblin (D:1)
  A kobold (D:1)
  5 quokkas (D:1)
  3 ball pythons
  2 bats
  3 rats (D:1)
32 creatures vanquished.

Grand Total: 72 creatures vanquished

Notes
Turn   | Place    | Note
-------+----------+-------------------------------------------
     0 | D:1      | spaghetti the Oni Summoner began the quest for the Orb.
     0 | D:1      | Reached XP level 1. HP: 16/16 MP: 3/3
    91 | D:1      | Reached skill level 4 in Summonings
    91 | D:1      | Reached XP level 2. HP: 24/24 MP: 1/5
   256 | D:1      | Learned a level 2 spell: Call Imp
   429 | D:1      | Noticed a shining eye
   430 | D:1      | Found a faded altar of an unknown god.
   454 | D:1      | Reached XP level 3. HP: 9/31 MP: 3/6
   649 | D:1      | Noticed a shining eye
   653 | D:1      | Noticed a great orb of eyes
   653 | D:1      | Noticed a great orb of eyes
   747 | D:1      | Learned a level 3 spell: Call Canine Familiar
  1568 | D:2      | Noticed Robin
  1576 | D:2      | Reached skill level 5 in Summonings
  1576 | D:2      | Reached XP level 4. HP: 22/39 MP: 0/7
  1587 | D:2      | Killed Robin
  2399 | D:3      | Reached XP level 5. HP: 30/45 MP: 3/8
  2845 | D:3      | Reached skill level 6 in Summonings
  2943 | D:3      | Found a bloodstained altar of Trog.
  3613 | D:4      | Reached XP level 6. HP: 50/53 MP: 9/9
  3649 | D:4      | Noticed an ice beast
  3671 | D:4      | HP: 2/53 [ice beast (2)]
  3671 | D:4      | Mangled by an ice beast

Illustrated notes

Levels and vault maps discovered:
D:1:      lemuel_arrival_lava_pool, layout_rooms,
          hellmonk_ecumenical_altar_watching_god,
          hangedman_decor_clover_reticule
D:2:      layout_basic, chequers_serial_rivers_micro_b, uniq_robin
D:3:      layout_loops_cross, bloody_trog, minmay_door_square
D:4:      layout_loops_corners, kennysheep_small_square

Skill      XL: |  1  2  3  4  5 |
---------------+----------------+-----
Summonings     | 4 5 6 |  6.9
Dodging        | |  1.7
Stealth        | |  1.4
Spellcasting   | |  2.4

Action                     |  1- 3 |  4- 6 || total
---------------------------+-------+-------++-------
  Melee: Unarmed           |    73 |       ||    73
         Headbutt          |    11 |    14 ||    25
         Spear             |    12 |    63 ||    75
         Dagger            |       |    25 ||    25
         Punch             |       |     1 ||     1
   Cast: Summon Small Mamm |    15 |     2 ||    17
         Call Imp          |    11 |    14 ||    25
         Call Canine Famil |     5 |    14 ||    19
    Use: Scroll            |       |     5 ||     5
         Potion            |       |     5 ||     5
   Stab: Invisible         |       |     2 ||     2
         Sleeping          |       |     3 ||     3
 Armour: Robe              |    77 |    55 ||   132
  Dodge: Dodged            |    59 |    52 ||   111
